 Dungeon Crawl Stone Soup version 0.30-a0-1053-gbd8d5ba0ad (webtiles) character file.

Game seed: 9166801377616074819

781 retardedninja the Trooper (level 7, -12/67 HPs)
             Began as a Naga Fighter on Apr 11, 2023.
             Was an Initiate of Hepliaklqana.
             Mangled by an ogre
             ... wielding a +0 giant club
              (24 damage)
             ... on level 5 of the Dungeon.
             The game lasted 00:07:06 (4922 turns).

retardedninja the Trooper (Naga Fighter)            Turns: 4922, Time: 00:07:07

Health: -12/67     AC:  9    Str: 20    XL:     7   Next: 85%
Magic:  0/7        EV:  3    Int:  8    God:    Hepliaklqana [......]
Gold:   325        SH:  5    Dex: 11    Spells: 6/6 levels left

rFire   . . .      SeeInvis +    a - +0 war axe
rCold   . . .      Faith    .    c - +0 buckler
rNeg    . . .      Spirit   +    g - +0 plate armour
rPois   +          Reflect  .    (no helmet)
rElec   .          Rampage  .    (no cloak)
rCorr   .                        (no gloves)
Will    .....                    (no barding) Stlth
                                 n - amulet of guardian spirit
HPRegen 0.31/turn                q - +4 ring of slaying
MPRegen 0.10/turn                (no ring)

@: very slow
A: AC +2, large, see invisible, deformed body, poison resistance, slowness 2,
spit poison 1, naga tail 1
a: Spit Poison, Renounce Religion


You were on level 5 of the Dungeon.
You worshipped Hepliaklqana.
Hepliaklqana was noncommittal.
You visited 2 branches of the dungeon, and saw 6 of its levels.

You collected 325 gold pieces.

Inventory:

Hand Weapons
 a - a +0 war axe (weapon)
 y - the +8 morningstar of Esad {chaos, Str+2 Dex+2 Stlth+}
   (You took it off an orc on level 5 of the Dungeon)

   Str:       It affects your strength (+2).
   Dex:       It affects your dexterity (+2).
   Stlth:     It makes you more stealthy.
Missiles
 t - a throwing net
Armour
 c - a +0 buckler (worn)
 g - a +0 plate armour (worn)
Jewellery
 n - an amulet of guardian spirit (around neck)
 o - an amulet of faith
 p - an amulet of reflection
 q - a +4 ring of slaying (left hand)
 x - a ring of protection from fire
 A - an amulet of faith
Wands
 u - a wand of paralysis (1)
 w - a wand of flame (11)
Scrolls
 b - 2 scrolls of teleportation {unknown}
 d - 2 scrolls of identify
 e - 3 scrolls of fog {unknown}
 f - a scroll of poison {unknown}
 h - 2 scrolls of enchant armour {unknown}
 j - 2 scrolls of magic mapping
 l - 2 scrolls of immolation {unknown}
 r - 2 scrolls of amnesia {unknown}
 s - 2 scrolls of enchant weapon {unknown}
 v - a scroll of blinking {unknown}
Potions
 i - a potion of flight
 m - a potion of lignification


   Skills:
 + Level 5.1 Fighting
 + Level 4.5 Axes
 + Level 4.2 Armour
 + Level 4.7 Shields


You had 6 spell levels left.
You didn't know any spells.
Your spell library contained the following spells:

 Spells                   Type           Power      Damage    Failure   Level
 Blink                    Tloc           0%         N/A       100%        2
 Lesser Beckoning         Tloc           0%         N/A       100%        2
 Momentum Strike          Conj/Tloc      0%         3d8       100%        2
 Static Discharge         Conj/Air       0%         2-2/arc   100%        2
 Ozocubu's Armour         Ice            0%         N/A       100%        3
 Vhi's Electric Charge    Tloc/Air       0%         N/A       100%        3
 Airstrike                Air            0%         2d(0-16)  100%        4
 Summon Lightning Spire   Summ/Air       0%         N/A       100%        4
 Arcjolt                  Conj/Air       0%         1d10      100%        5
 Metabolic Englaciation   Hex/Ice        0%         N/A       100%        5
 Plasma Beam              Fire/Air       0%         2x1d11    100%        6
 Simulacrum               Ice/Necr       0%         N/A       100%        6


Dungeon Overview and Level Annotations

Branches:
Dungeon (5/15)             Temple (1/1) D:5

Altars:
Cheibriados
Dithmenos
Elyvilon
Fedhas
Gozag
Hepliaklqana
Kikubaaqudgha
Makhleb
Nemelex Xobeh
Qazlal
Ru
Trog
Uskayaw
Wu Jian
Xom
The Shining One


Innate Abilities, Weirdness & Mutations

Your serpentine skin is tough. (AC +2)
You have supernaturally acute eyesight. (SInv)
Armour fits poorly on your strangely shaped body.
Your system is resistant to poisons. (rPois)
You cover ground very slowly.
You can spit poison.
You have a snake-like lower body.


Message History

You feel your power drawn to a protective spirit.
n - an amulet of guardian spirit (around neck) Unknown command.
Aiming: Paralyse
Press: ? - help, Q - select action, (/) - cycle Shift-Dir - straight line, f - ogre
Aim: an ogre, wielding a +0 giant club (chance to affect: 49%)
The ogre resists with some effort.
The ogre hits you with a +0 giant club!!
* * * LOW HITPOINT WARNING * * *
Aiming: Paralyse
Press: ? - help, Q - select action, (/) - cycle Shift-Dir - straight line, f/p - ogre
Aim: an ogre, wielding a +0 giant club (chance to affect: 49%)
The ogre resists with some effort.
Unknown command.
Aiming: Paralyse
Press: ? - help, Q - select action, (/) - cycle Shift-Dir - straight line, f/p - ogre
Aim: an ogre, wielding a +0 giant club (chance to affect: 49%)
The ogre resists with some effort.
The ogre hits you but does no damage.
Unknown command.
Aiming: Paralyse
Press: ? - help, Q - select action, (/) - cycle Shift-Dir - straight line, f/p - ogre
Aim: an ogre, wielding a +0 giant club (chance to affect: 49%)
The ogre resists with some effort.
The ogre hits you but does no damage.
Unknown command.
You feel better.
Aiming: Paralyse
Press: ? - help, Q - select action, (/) - cycle Shift-Dir - straight line, f/p - ogre
Aim: an ogre, wielding a +0 giant club (chance to affect: 49%)
The ogre resists with some effort.
The ogre hits you with a +0 giant club!
* * * LOW HITPOINT WARNING * * *
Okay, then.
It was a potion of cancellation.
You feel magically purged. The ogre hits you but does no damage.
You slash the ogre!
The ogre is moderately wounded.
The ogre hits you with a +0 giant club!!
You die...

##...)....
.....#.....
###....##.. #.......<
###...... # #......#
#########.## #......#
#....O.....# #.......
####@####### #.....##
#.......#..# #.....#
#...#...##.# #######
#..#(#..#..#
+.#.#.#.'.##
#..#.#..### #####
#...#...##### #....
#.......#...# #.###
####'######.#####.###


You could see an ogre.

Vanquished Creatures
  An ice beast (D:4)
  2 ogres (D:5)
  A scorpion (D:4)
  A hound (D:5)
  2 orc priests (D:5)
  A sleepcap (D:5)
  An iguana (D:5)
  An orc wizard (D:5)
  11 adders
  7 gnolls
  An ufetubus (D:4)
  3 dart slugs
  8 orcs
  6 endoplasms
  13 goblins
  11 hobgoblins
  12 jackals
  2 quokkas (D:3)
  17 ball pythons
  4 bats
  3 frilled lizards
  8 kobolds
  7 rats
123 creatures vanquished.

Notes
Turn   | Place    | Note
-------+----------+-------------------------------------------
     0 | D:1      | retardedninja the Naga Fighter began the quest for the Orb.
     0 | D:1      | Reached XP level 1. HP: 21/21 MP: 1/1
   124 | D:1      | Reached XP level 2. HP: 11/28 MP: 2/2
   341 | D:1      | Reached XP level 3. HP: 34/34 MP: 3/3
  1235 | D:2      | Reached XP level 4. HP: 42/42 MP: 4/4
  1745 | D:3      | Found a blossoming altar of Fedhas.
  1805 | D:3      | Found a shadowy altar of Dithmenos.
  2333 | D:4      | Found an ancient bone altar of Kikubaaqudgha.
  2359 | D:4      | Reached XP level 5. HP: 47/50 MP: 5/5
  2800 | D:4      | Noticed an ice beast
  2810 | D:4      | Killed an ice beast
  2811 | D:4      | Reached skill level 4 in Fighting
  2811 | D:4      | Reached XP level 6. HP: 46/57 MP: 6/6
  2905 | D:4      | Found a stormy altar of Qazlal.
  2907 | D:4      | Noticed a water elemental
  2907 | D:4      | Noticed a fire elemental
  2907 | D:4      | Noticed an air elemental
  3516 | D:5      | Entered Level 5 of the Dungeon
  3528 | D:5      | Reached XP level 7. HP: 66/66 MP: 7/7
  3571 | D:5      | HP: 2/99 [orc priest/divine providence (12)]
  3950 | D:5      | Reached skill level 5 in Fighting
  4276 | D:5      | Found a staircase to the Ecumenical Temple.
  4307 | D:5      | Identified the +8 morningstar of Esad {chaos, Str+2 Dex+2
                  | Stlth+}
  4550 | Temple   | Entered the Ecumenical Temple
  4657 | Temple   | Became a worshipper of Hepliaklqana the Forgotten
  4922 | D:5      | Mangled by an ogre

Illustrated notes

Levels and vault maps discovered:
D:1:      scummos_arrival_simple_fountains, layout_basic
D:2:      layout_loops_ring
D:3:      cheibrodos_greedy_goblins, layout_basic, grunt_dithmenos_smoke,
          fedhas_altar_3, minmay_goblin_outpost
D:4:      layout_gridville, nicolae_qazlal_style_of_elements,
          mainiacjoe_overflow_tiny_flanked, minmay_snake_closets
D:5:      layout_loops_cross, minmay_temple_entry_offerings,
          kennysheep_crisscross, kennysheep_generic_room_10
Temple:   nicolae_temple_godzebo

Skill      XL: |  1  2  3  4  5  6  7 |
---------------+----------------------+-----
Shields        | 3 4 |  4.7
Armour         | 3 4 |  4.2
Axes           | 3 4 |  4.5
Fighting       | 4 5 |  5.1

Action                     |  1- 3 |  4- 6 |  7- 9 || total
---------------------------+-------+-------+-------++-------
  Melee: War axe           |    87 |   206 |    71 ||   364
  Evoke: Wand              |       |     1 |     7 ||     8
    Use: Scroll            |       |     3 |       ||     3
         Potion            |       |     1 |     9 ||    10
   Stab: Paralysed         |       |     4 |     7 ||    11
         Distracted        |       |       |     1 ||     1
 Armour: Scale mail        |    14 |       |       ||    14
         Plate armour      |    31 |   197 |    34 ||   262
         Skin              |       |       |    51 ||    51
  Dodge: Dodged            |    27 |    32 |     9 ||    68
  Block: Buckler           |    20 |    52 |    28 ||   100

Table legend: (Time is in decaauts)
 A = Elapsed time spent in this place.
 B = Non-inter-level travel time spent in this place.
 C = Inter-level travel time spent in this place.
 D = Time resting spent in this place.
 E = Time spent auto-exploring this place.
 F = Levels seen in this place.
 G = Mean time per level.
                   A        B        C        D        E       F      G
               +--------+--------+--------+--------+--------+-----+--------+
         Total |   6263 |   6099 |    164 |    812 |   4255 |   6 | 1043.8 |
       Dungeon |   6067 |   5948 |    119 |    812 |   4138 |   5 | 1213.4 |
        Temple |    195 |    151 |     44 |      0 |    117 |   1 |  195.0 |
               +--------+--------+--------+--------+--------+-----+--------+

Top non-repeatable levels by time:
     D:4: 1483 daAuts
     D:5: 1473 daAuts
     D:1: 1218 daAuts
     D:3: 951 daAuts
     D:2: 940 daAuts
  Temple: 195 daAuts
